 Dungeon Crawl Stone Soup version 0.29.0-7-g18a832c13a (webtiles) character file.

Game seed: 8837291197453736296

5 blackman the Grave Robber (level 1, 0/13 HPs)
             Began as a Human Wanderer on Aug 30, 2022.
             Slain by a hobgoblin (4 damage)
             ... on level 1 of the Dungeon.
             The game lasted 00:01:15 (386 turns).

blackman the Grave Robber (Human Wanderer)           Turns: 386, Time: 00:01:16

Health: 0/13       AC:  3    Str:  9    XL:     1   Next: 88%
Magic:  0/3        EV: 11    Int: 14    God:
Gold:   0          SH:  0    Dex: 13    Spells: 3/4 levels left

rFire   . . .      SeeInvis .   a - +0 dagger
rCold   . . .      Faith    .   (no shield)
rNeg    . . .      Spirit   .   c - +0 robe
rPois   .          Reflect  .   d - +0 helmet
rElec   .          Harm     .   (no cloak)
rCorr   .          Rampage  .   (no gloves)
Will    .....                   (no boots)
Stlth   ++........              (no amulet)
HPRegen 0.04/turn               (no ring)
MPRegen 0.08/turn               (no ring)

@: no status effects
A: no striking features
a: no special abilities


You were on level 1 of the Dungeon.
You visited 1 branch of the dungeon, and saw 1 of its levels.

Inventory:

Hand Weapons
 a - a +0 dagger (weapon)
Armour
 c - a +0 robe (worn)
 d - a +0 helmet (worn)
Scrolls
 b - a scroll of fear
 e - a scroll of amnesia {unknown}
 f - a scroll of identify {unknown}


   Skills:
 - Level 3.0 Stealth
 - Level 2.0 Spellcasting
 + Level 4.3 Necromancy
 - Level 1.0 Air Magic


You had 3 spell levels left.
You knew the following spells:

 Your Spells              Type           Power      Damage    Failure   Level
a - Necrotise             Necr           52%        1d6       4%          1

Your spell library contained the following spells:

 Spells                   Type           Power      Damage    Failure   Level
 Vampiric Draining        Necr           13%        2d6       12%         3
 Poisonous Vapours        Pois/Air       4%         N/A       28%         2
 Static Discharge         Conj/Air       2%         3-4/arc   28%         2
 Animate Dead             Necr           13%        N/A       38%         4


Dungeon Overview and Level Annotations

Branches:
Dungeon (1/15)

Altars:


Message History

r - Retreat! s - Stop attacking. g - Guard the area. f - Follow me.
Anything else - Cancel.
Gang up on whom?
Press: ? - help, Dir - move target, f - ball python
Aim: a ball python (ally target) Attack!
Your hobgoblin skeleton closely misses the ball python.
You swap places.
The ball python closely misses you. The ball python grabs you.
The ball python constricts you.
Your hobgoblin skeleton barely misses the ball python.
The ball python bites you but does no damage.
The ball python constricts you.
You escape the ball python's grasp.
Your hobgoblin skeleton hits the ball python.
The quokka bites your hobgoblin skeleton.
Your hobgoblin skeleton barely misses the ball python.
Something bites your hobgoblin skeleton.
The rat bites your hobgoblin skeleton.
Your hobgoblin skeleton is destroyed!
The ball python attacks as you move away!
The ball python closely misses you.
You see here a +0 leather armour.
There is an open door here.
The ball python attacks as you move away!
The ball python bites you. The ball python bites you.
The ball python barely misses you.
You hit the ball python.
You kill the ball python!
There is a staircase leading out of the dungeon here.
Casting: Necrotise (safe; 4% risk of failure)
Confirm with . or Enter, or press ? or * to list all spells.
Aiming: Necrotise (safe; 4% risk of failure)
Press: ? - help, Shift-Dir - straight line, f - hobgoblin
Aim: a hobgoblin (chance to affect: 83%)
The hobgoblin writhes in agony.
The hobgoblin misses you.
You closely miss the hobgoblin.
The hobgoblin is moderately wounded.
The hobgoblin hits you.
You die...

#♣#♣# ##.♣.##
#P#@#P# ##PgP## #
#P♣.♣P# .#
#♣...♣# ##.#
#..r..# ...#.
#.~8~.# ......
#.~~~†# ###......
#.~#~.# #.r.....#
##+###'#####.####
.##


You could see a hobgoblin and a rat.

Vanquished Creatures
  A ball python (D:1)
  2 endoplasms (D:1)
  A hobgoblin (D:1)
4 creatures vanquished.

Notes
Turn   | Place    | Note
-------+----------+-------------------------------------------
     0 | D:1      | blackman the Human Wanderer began the quest for the Orb.
     0 | D:1      | blackman set off with the following items: a +0 dagger, a
                  | scroll of fear, a +0 robe, a +0 helmet; and the following
                  | spell memorised: Necrotise; and the following spells
                  | available to memorise: Vampiric Draining, Poisonous
                  | Vapours, Static Discharge, Animate Dead.
     0 | D:1      | Reached XP level 1. HP: 13/13 MP: 3/3
   386 | D:1      | Slain by a hobgoblin

Illustrated notes

Levels and vault maps discovered:
D:1:      tarquinn_simple_flora_water_d, layout_loops_ring,
          shapermc_ecumenical_altar_petra, minmay_hedge_maze, minmay_hexomino_c4

Action                   || total
-------------------------++-------
Melee: Dagger            ||     3
 Cast: Necrotise         ||     7
Armor: Robe              ||     5
Dodge: Dodged            ||     9
